 Dungeon Crawl Stone Soup version 0.20-a0-864-g92acfd1 (webtiles) character file.

757 Laphicet the Sneak (level 7, -10/49 HPs)
             Began as an Octopode Assassin on Mar 12, 2017.
             Mangled by an ogre
             ... wielding a +0 giant club
              (21 damage)
             ... on level 4 of the Dungeon.
             The game lasted 00:13:38 (6199 turns).

Laphicet the Sneak (Octopode Assassin)              Turns: 6199, Time: 00:13:38

Health: -10/49     AC:  1    Str: 10    XL:     7   Next: 79%
Magic:  7/7        EV: 15    Int: 14    God:
Gold:   133        SH:  0    Dex: 15    Spells: 6/6 levels left

rFire    . . .     SeeInvis +   m - +1 dagger (freeze)
rCold    . . .     Gourm    .   (no shield)
rNeg     . . .     Faith    .   (helmet restricted)
rPois    .         Spirit   .   (no amulet)
rElec    .         Reflect  .   l - ring of flight
rCorr    .         Harm     .   j - ring of see invisible
MR       .....                  (no ring)
Stlth    +++++.....             (no ring)
Regen    0.2/turn               (no ring)
MPRegen  0.1/turn               (no ring)
                                (no ring)
                                (no ring)

@: no status effects
A: almost no armour, stealthy swim, amphibious, 8 rings, constrict 8, camouflage
1, gelatinous body 1
a: Evoke Flight


You were on level 4 of the Dungeon.
You were hungry.

You visited 1 branch of the dungeon, and saw 4 of its levels.

You collected 133 gold pieces.

Inventory:

Hand Weapons
 b - a +0 blowgun
 m - a +1 dagger of freezing (weapon)
 o - a +1 dagger of draining
Missiles
 n - 7 poisoned needles
 q - a curare-tipped needle
Jewellery
 j - a ring of see invisible (right tentacle)
 l - a ring of flight (left tentacle)
Wands
 e - a wand of random effects (16/48)
 p - a wand of acid (6/15)
Scrolls
 d - a scroll of amnesia
 h - a scroll of enchant armour
 k - a scroll of teleportation
Potions
 a - a potion of curing
Comestibles
 f - 3 bread rations
 g - a royal jelly
 i - 2 meat rations


   Skills:
 + Level 4.3 Fighting
 + Level 4.2 Short Blades
 - Level 2.0 Throwing
 + Level 4.4 Dodging
 + Level 7.9 Stealth
 - Level 1.5 Unarmed Combat


You had 6 spell levels left.
You didn't know any spells.

Dungeon Overview and Level Annotations

Branches:
Dungeon (4/15)
 Temple: D:4-7

Altars:
Trog

Annotations:
D:3 exclusion: downstairs


Innate Abilities, Weirdness & Mutations

You cannot wear most types of armour.
You are very stealthy in the water. (Stealth+)
You are amphibious.
You can wear up to eight rings at the same time.
You can use your tentacles to constrict eight enemies at once.
Your skin changes colour to match your surroundings (Stealth+).
Your rubbery body absorbs attacks. (AC +1, EV +1)


Message History

An ogre is nearby!
The ogre barely misses you.
Found 15 gold pieces.
You hit the ogre. You freeze the ogre.
The ogre is moderately wounded.
You hit the ogre. You freeze the ogre.
The ogre is moderately wounded.
The ogre hits you with a giant club!!
You hit the ogre. You freeze the ogre. You squeeze the ogre.
The ogre is heavily wounded.
The ogre hits you with a giant club!
* * * LOW HITPOINT WARNING * * *
You are too injured to fight recklessly!
You are too injured to fight recklessly!
You closely miss the ogre.
The ogre is heavily wounded.
You hit the ogre. You freeze the ogre.
The ogre is severely wounded.
The ogre hits you with a giant club!!
You die...

# #.#...##....#..## #.#
###.#.........#..#... ...
..................... ...
###.#.......###..#.## #
#.#.......# #..# ### #
#.#...###.# #..#$..
###.#...###[###..#.##
....................#
..............#.@#..#
#.#.#............O......
#.#.#............#..####
#.#.#...###.#.##.#..#
#.#.#...###.#.......#
#...........#.####..#
#.#.#..####.#.# #..#
............#.# #..#
..#.#.#######.####.##############


You could see an ogre.

Vanquished Creatures
  Sigmund (D:4)
  The ghost of Malog the Ruffian, an amateur NaTm (D:3)
  Menkaure (D:4)
  An orc priest (D:4)
  A hound (D:4)
  An orc wizard (D:4)
  2 hound skeletons (D:4)
  Robin (D:2)
  9 adders
  An ooze (D:1)
  3 worms
  A dart slug (D:2)
  4 leopard geckos
  7 orcs
  8 bats
  4 giant cockroaches
  16 goblins
  9 hobgoblins
  12 jackals
  10 kobolds
  2 quokkas
  9 frilled lizards
  15 rats
119 creatures vanquished.

Vanquished Creatures (others)
  An orc wizard (D:4)
1 creature vanquished.

Grand Total: 120 creatures vanquished

Notes
Turn   | Place    | Note
-------+----------+-------------------------------------------
     0 | D:1      | Laphicet the Octopode Assassin began the quest for the Orb.
     0 | D:1      | Reached XP level 1. HP: 14/14 MP: 1/1
   171 | D:1      | Reached XP level 2. HP: 18/19 MP: 2/2
   671 | D:1      | Reached XP level 3. HP: 25/25 MP: 3/3
  1478 | D:2      | Reached XP level 4. HP: 30/30 MP: 4/4
  1678 | D:2      | Found a bloodstained altar of Trog.
  1752 | D:2      | Reached skill level 6 in Stealth
  2409 | D:3      | Noticed Robin
  2660 | D:2      | Reached XP level 5. HP: 15/36 MP: 5/5
  3223 | D:3      | Noticed Malog's ghost (amateur NaTm)
  3603 | D:2      | Killed Robin
  3922 | D:3      | Killed Malog's ghost
  3922 | D:3      | Reached XP level 6. HP: 20/42 MP: 6/6
  4657 | D:4      | Noticed Sigmund
  4995 | D:4      | Reached skill level 7 in Stealth
  5665 | D:4      | Killed Sigmund
  5665 | D:4      | Reached skill level 1 in Unarmed Combat
  5665 | D:4      | Reached XP level 7. HP: 43/48 MP: 7/7
  5989 | D:4      | Noticed Menkaure
  6001 | D:4      | Killed Menkaure
  6199 | D:4      | Mangled by an ogre

Vault maps used:
D:1:      dpeg_arrival_fog
D:2:      first_bread, trog_butcher_becter
D:3:      uniq_robin
D:4:      minmay_temple_entry_butterflies, uniq_sigmund, uniq_menkaure

Skill      XL: |  1  2  3  4  5  6  7 |
---------------+----------------------+-----
Dodging        | 2 3 4 |  4.4
Stealth        | 6 7 |  7.9
Short Blades   | 3 4 |  4.2
Fighting       | 3 4 |  4.3
Unarmed Combat | 1 |  1.5
Throwing       | |  2.0

Action                   |  1- 3 |  4- 6 |  7- 9 || total
-------------------------+-------+-------+-------++-------
Melee: Dagger            |    95 |   144 |    25 ||   264
       Constrict         |    20 |    43 |     4 ||    67
       Tentacles         |    11 |    30 |     7 ||    48
       Blowgun           |       |    36 |       ||    36
 Fire: Blowgun           |       |    17 |       ||    17
  Use: Scroll            |       |    11 |       ||    11
       Potion            |       |     6 |       ||     6
 Stab: Sleeping          |     8 |    17 |       ||    25
       Distracted        |       |     2 |     1 ||     3
  Eat: Chunk             |     2 |    13 |     1 ||    16
Armor: Skin              |    12 |    10 |       ||    22
Dodge: Dodged            |    69 |   203 |     8 ||   280
